 Dungeon Crawl Stone Soup version 0.22.1-5-g62c59d919a (webtiles) character file.

74 Jaqob the Cudgeler (level 4, 0/29 HPs)
             Began as a Gargoyle Berserker on Jan 12, 2019.
             Was a Believer of Trog.
             Killed by divine providence
             ... invoked by an orc priest
              (13 damage)
             ... on level 3 of the Dungeon.
             The game lasted 00:02:45 (1340 turns).

Jaqob the Cudgeler (Gargoyle Berserker)             Turns: 1340, Time: 00:02:46

Health: 0/29       AC: 11    Str: 22    XL:     4   Next: 28%
Magic:  4/4        EV: 11    Int:  7    God:    Trog [**....]
Gold:   67         SH:  0    Dex:  9    Spells: 3/3 levels left

rFire    . . .     SeeInvis .   a - +0 mace
rCold    . . .     Gourm    .   (no shield)
rNeg     + . .     Faith    .   m - +0 ring mail
rPois    ∞         Spirit   .   (no helmet)
rElec    +         Reflect  .   g - +0 cloak
rCorr    .         Harm     .   (no gloves)
MR       .....                  h - +0 pair of boots
Stlth    ..........             (no amulet)
HPRegen  0.09/turn              (no ring)
MPRegen  0.09/turn              (no ring)

@: no status effects
A: negative energy resistance 1, electricity resistance, unbreathing,
petrification resistance, rot immunity, AC +3
a: Berserk, Trog's Hand, Renounce Religion


You were on level 3 of the Dungeon.
You worshipped Trog.
Trog was pleased with you.
You were not hungry.

You visited 1 branch of the dungeon, and saw 3 of its levels.

You collected 67 gold pieces.

Inventory:

Hand Weapons
 a - a +0 mace (weapon)
Armour
 g - a +0 cloak (worn)
 h - a +0 pair of boots (worn)
 m - a +0 ring mail (worn)
Jewellery
 l - an uncursed amulet of guardian spirit {unknown}
Scrolls
 f - 2 scrolls of remove curse {unknown}
 j - a scroll of magic mapping {unknown}
 k - a scroll of enchant weapon {unknown}
Potions
 d - 2 potions of flight
 e - a potion of might
 i - a potion of curing {unknown}
Comestibles
 c - 2 rations


   Skills:
 + Level 3.9 Fighting
 * Level 4.1 Maces & Flails
 + Level 3.0 Armour
 - Level 1.5 Dodging


You had 3 spell levels left.
You didn't know any spells.
Your spell library was empty.

Dungeon Overview and Level Annotations

Branches:
Dungeon (3/15)

Altars:
Yredelemnul


Innate Abilities, Weirdness & Mutations

You are resistant to torment.
Your stone body is resilient. (AC +3)
You are immune to poison.
You resist negative energy. (rN+)
You are resistant to electric shocks. (rElec)
You can survive without breathing.
You are immune to petrification.
You are immune to rotting.


Message History

There is an open door here.
An orc priest comes into view. It is wielding a club.
The orc priest shouts!
The orc priest invokes the aid of Beogh against you.
Beogh smites you!
An orc comes into view.
You are too injured to fight recklessly!
You are too injured to fight recklessly!
You are too injured to fight recklessly!
You are too injured to fight recklessly!
You are too injured to fight recklessly!
You are too injured to fight recklessly!
You are too injured to fight recklessly!
You are too injured to fight recklessly!
You are too injured to fight recklessly!
You are too injured to fight recklessly!
You are too injured to fight recklessly!
The orc priest invokes the aid of Beogh against you.
Beogh smites you!
You die...

##..# #### #..#
#...####..#
#.........# ###
#.........###.....
+.................
#.......#>###.....
........'...# ..#
.......@#.#.# #
........#>#.#
####...##.#.# #...
#.#.# #... #.#.'
#... #.### #...
#.# #..o ...o


You could see an orc priest.

Vanquished Creatures
  Terence (D:2)
  A worm (D:3)
  4 orcs (D:3)
  2 giant cockroaches (D:2)
  4 goblins
  7 hobgoblins
  4 jackals
  8 bats
  4 frilled lizards
  2 gnoll zombies (D:3)
  3 kobolds
  6 rats
46 creatures vanquished.

Notes
Turn   | Place    | Note
-------+----------+-------------------------------------------
     0 | D:1      | Jaqob the Gargoyle Berserker began the quest for the Orb.
     0 | D:1      | Reached XP level 1. HP: 14/14 MP: 1/1
    80 | D:1      | Reached XP level 2. HP: 16/19 MP: 2/2
   288 | D:1      | Reached ** piety under Trog
   518 | D:2      | Noticed Terence
   533 | D:2      | Killed Terence
   533 | D:2      | Reached XP level 3. HP: 17/24 MP: 3/3
  1073 | D:2      | Reached XP level 4. HP: 29/29 MP: 4/4
  1104 | D:3      | Reached skill level 4 in Maces & Flails
  1130 | D:3      | Found a basalt altar of Yredelemnul.
  1340 | D:3      | Killed from afar by an orc priest

Skill      XL: |  1  2  3  4 |
---------------+-------------+-----
Maces & Flails | 4 |  4.1
Armour         | 3 |  3.0
Fighting       | |  3.9
Dodging        | |  1.5

Action                   |  1- 3 |  4- 6 || total
-------------------------+-------+-------++-------
Melee: Mace              |   115 |    47 ||   162
  Use: Potion            |     2 |       ||     2
       Scroll            |     1 |       ||     1
 Stab: Sleeping          |     1 |       ||     1
  Eat: Ration            |     1 |       ||     1
Armor: Animal skin       |    59 |     8 ||    67
       Ring mail         |       |     9 ||     9
Dodge: Dodged            |   116 |    38 ||   154
